General information
- name: BNet
- type: Ladder team game (AT/RT)
- host: Battle.net
- saver: watertheplanets
map: Deadlock
- players: 8
- length: 30:40
- speed: Fast
- version: 1.28 W3XP
- replay type: Public
» download(291 KB)
Players
team 1 (winner)
3gfjy (
orange | 78 APM | 1365 actions | 17:29)
3 Keeper of the Grove
2 Force of Nature
1 Entangling Roots
3 Priestess of the Moon
1 Scout
2 Trueshot Aura
» actions
| Assign group hotkey | 18 | |
| Basic commands | 50 | |
| Build / train | 39 | |
| Enter build submenu | 16 | |
| Enter hero's abilities submenu | 6 | |
| Remove unit from queue | 1 | |
| Right click | 376 | |
| Select / deselect | 191 | |
| Select group hotkey | 632 | |
| Use ability | 36 | |
1365 total
» units
| Wisp | 13 | |
| Archer | 12 | |
| Hippogryph | 2 | |
27 total
» upgrades
| Moon Armor | 1 | |
| Improved Bows | 1 | |
| Hippogryph Taming | 1 | |
3 total
» buildings
| Moon Well | 7 | |
| Altar of Elders | 1 | |
| Ancient of War | 2 | |
| Ancient of Wonders | 2 | |
| Tree of Ages | 1 | |
| Hunter's Hall | 1 | |
| Ancient of Wind | 2 | |
16 total
» build order
00:34 Moon Well
00:59 Altar of Elders
01:42 Ancient of War
01:50 Ancient of Wonders
01:55 Ancient of Wonders
02:00 Ancient of War
02:10 Moon Well
02:31 Moon Well
02:47 Moon Well
03:13 Moon Well
04:36 Moon Well
06:51 Tree of Ages
07:00 Hunter's Hall
09:18 Ancient of Wind
09:20 Ancient of Wind
10:33 Moon Well
Believe (
red | 107 APM | 2822 actions | 26:27)
3 Death Knight
2 Death Coil
1 Unholy Aura
2 Dreadlord
1 Sleep
1 Carrion Swarm
» actions
| Assign group hotkey | 1130 | |
| Basic commands | 11 | |
| Build / train | 83 | |
| Enter build submenu | 26 | |
| Enter hero's abilities submenu | 5 | |
| Give item / drop item | 8 | |
| Remove unit from queue | 7 | |
| Right click | 1071 | |
| Select / deselect | 275 | |
| Select group hotkey | 68 | |
| Use ability | 138 | |
2822 total
» units
| Acolyte | 22 | |
| Ghoul | 4 | |
| Crypt Fiend | 7 | |
| Razormane Medicine Man | 3 | |
| Meatwagon | 5 | |
| Necromancer | 3 | |
44 total
» upgrades
| Web | 1 | |
| Skeletal Mastery | 1 | |
| Skeletal Longevity | 1 | |
| Necromancer Training | 2 | |
5 total
» buildings
| Altar of Darkness | 1 | |
| Ziggurat | 14 | |
| Crypt | 1 | |
| Graveyard | 1 | |
| Tomb of Relics | 2 | |
| Nerubian Tower | 5 | |
| Necropolis | 3 | |
| Halls of the Dead | 3 | |
| Spirit Tower | 2 | |
| Black Citadel | 2 | |
| Temple of the Damned | 1 | |
| Slaughterhouse | 1 | |
| Sacrificial Pit | 1 | |
37 total
» build order
00:11 Altar of Darkness
00:13 Ziggurat
00:40 Crypt
01:01 Graveyard
01:15 Tomb of Relics
01:29 Ziggurat
02:08 Nerubian Tower
02:09 Nerubian Tower
04:00 Necropolis
05:24 Ziggurat
05:27 Ziggurat
05:56 Halls of the Dead
05:56 Halls of the Dead
05:57 Halls of the Dead
06:43 Necropolis
06:47 Necropolis
06:51 Ziggurat
06:53 Ziggurat
07:49 Nerubian Tower
07:49 Nerubian Tower
07:50 Nerubian Tower
08:00 Ziggurat
08:05 Ziggurat
08:07 Ziggurat
08:11 Tomb of Relics
09:07 Spirit Tower
09:07 Spirit Tower
09:15 Black Citadel
09:15 Black Citadel
09:29 Temple of the Damned
09:31 Slaughterhouse
12:45 Ziggurat
12:45 Ziggurat
12:47 Ziggurat
12:49 Ziggurat
12:50 Ziggurat
14:47 Sacrificial Pit
» items
| Rod of Necromancy | 1 | |
| Sacrificial Skull | 1 | |
2 total
watertheplanets (
yellow | 81 APM | 2500 actions | 30:40)
7 Archmage
2 Summon Water Elemental
3 Brilliance Aura
2 Blizzard
3 Blood Mage
2 Flame Strike
1 Banish
» actions
| Assign group hotkey | 119 | |
| Basic commands | 80 | |
| Build / train | 158 | |
| ESC pressed | 2 | |
| Enter build submenu | 54 | |
| Enter hero's abilities submenu | 10 | |
| Give item / drop item | 5 | |
| Right click | 767 | |
| Select / deselect | 450 | |
| Select group hotkey | 676 | |
| Use ability | 179 | |
2500 total
» units
| Peasant | 17 | |
| Footman | 5 | |
| Gryphon Rider | 2 | |
| Mortar Team | 5 | |
| Sorceress | 1 | |
| Dragonhawk Rider | 2 | |
| Siege Engine | 1 | |
33 total
» upgrades
| Masonry | 3 | |
| Swords | 3 | |
| Armor | 2 | |
| Animal War Training | 1 | |
| Lumber Harvesting | 2 | |
| Sorceress Training | 2 | |
| Gunpowder | 3 | |
| Priest Training | 2 | |
| Fragmentation Shards | 1 | |
| Flare | 1 | |
| Storm Hammers | 1 | |
| Cloud | 1 | |
| Plating | 1 | |
23 total
» buildings
| Altar of Kings | 1 | |
| Barracks | 1 | |
| Farm | 8 | |
| Arcane Vault | 1 | |
| Lumber Mill | 1 | |
| Keep | 5 | |
| Town Hall | 4 | |
| Blacksmith | 1 | |
| Scout Tower | 23 | |
| Guard Tower | 25 | |
| Arcane Tower | 5 | |
| Castle | 5 | |
| Gryphon Aviary | 4 | |
| Workshop | 2 | |
| Arcane Sanctum | 3 | |
| Cannon Tower | 12 | |
101 total
» build order
00:37 Altar of Kings
00:39 Barracks
00:48 Farm
01:02 Farm
01:27 Farm
01:56 Arcane Vault
02:27 Lumber Mill
02:44 Farm
03:35 Keep
03:36 Keep
04:22 Town Hall
06:03 Blacksmith
06:26 Scout Tower
06:27 Scout Tower
06:34 Scout Tower
06:37 Scout Tower
06:38 Scout Tower
06:40 Scout Tower
06:42 Scout Tower
06:46 Scout Tower
06:57 Guard Tower
06:57 Guard Tower
06:57 Guard Tower
07:13 Guard Tower
07:13 Guard Tower
07:14 Arcane Tower
07:14 Arcane Tower
07:14 Arcane Tower
07:32 Guard Tower
07:55 Castle
07:55 Castle
09:07 Scout Tower
09:08 Scout Tower
09:13 Farm
09:47 Guard Tower
09:47 Guard Tower
10:34 Gryphon Aviary
10:35 Gryphon Aviary
10:37 Gryphon Aviary
10:38 Gryphon Aviary
10:44 Farm
10:48 Scout Tower
11:20 Guard Tower
11:20 Guard Tower
11:21 Guard Tower
11:58 Workshop
12:30 Town Hall
13:01 Arcane Sanctum
13:07 Scout Tower
13:08 Scout Tower
13:21 Scout Tower
13:22 Scout Tower
13:23 Scout Tower
13:24 Scout Tower
13:25 Scout Tower
13:26 Scout Tower
14:00 Cannon Tower
14:01 Cannon Tower
14:01 Cannon Tower
14:01 Cannon Tower
14:01 Cannon Tower
14:17 Guard Tower
14:17 Guard Tower
14:25 Scout Tower
16:03 Cannon Tower
16:03 Cannon Tower
16:11 Guard Tower
16:12 Guard Tower
16:12 Guard Tower
16:22 Cannon Tower
16:22 Cannon Tower
16:33 Guard Tower
16:33 Guard Tower
16:33 Guard Tower
16:39 Guard Tower
17:12 Keep
17:12 Keep
17:12 Keep
17:45 Town Hall
18:05 Farm
18:58 Town Hall
19:18 Scout Tower
20:27 Castle
20:27 Castle
20:27 Castle
20:46 Cannon Tower
20:46 Cannon Tower
21:27 Scout Tower
21:31 Scout Tower
22:17 Guard Tower
22:17 Guard Tower
22:17 Guard Tower
23:25 Farm
23:27 Workshop
23:33 Arcane Sanctum
23:35 Arcane Sanctum
» items
| Scroll of Regeneration | 6 | |
| Mechanical Critter | 5 | |
| Periapt of Vitality | 2 | |
| Potion of Lesser Invulnerability | 4 | |
| Staff of Sanctuary | 1 | |
| Staff of Teleportation | 1 | |
| Potion of Invisibility | 1 | |
| Tome of Retraining | 1 | |
| Scroll of Town Portal | 1 | |
22 total
recycle (
teal | 56 APM | 783 actions | 14:06)
4 Keeper of the Grove
2 Force of Nature
2 Entangling Roots
2 Priestess of the Moon
1 Trueshot Aura
1 Searing Arrows
» actions
| Basic commands | 90 | |
| Build / train | 75 | |
| ESC pressed | 2 | |
| Enter build submenu | 30 | |
| Enter hero's abilities submenu | 6 | |
| Give item / drop item | 4 | |
| Remove unit from queue | 4 | |
| Right click | 222 | |
| Select / deselect | 290 | |
| Use ability | 60 | |
783 total
» units
» upgrades
| Strength of the Moon | 2 | |
| Moon Armor | 1 | |
| Improved Bows | 1 | |
4 total
» buildings
| Moon Well | 4 | |
| Altar of Elders | 1 | |
| Ancient of War | 3 | |
| Tree of Life | 3 | |
| Hunter's Hall | 1 | |
| Tree of Ages | 1 | |
| Ancient of Wonders | 2 | |
| Ancient Protector | 11 | |
| Ancient of Wind | 1 | |
27 total
» build order
00:20 Moon Well
00:34 Altar of Elders
00:51 Ancient of War
01:34 Moon Well
02:05 Ancient of War
03:25 Tree of Life
04:04 Moon Well
04:05 Moon Well
04:26 Hunter's Hall
05:28 Tree of Ages
05:53 Tree of Life
08:38 Ancient of Wonders
10:14 Ancient Protector
10:17 Ancient Protector
10:20 Ancient Protector
10:37 Ancient of Wonders
11:35 Ancient Protector
11:36 Ancient Protector
11:36 Ancient Protector
11:54 Ancient Protector
12:14 Ancient Protector
12:36 Ancient of War
12:37 Ancient of Wind
12:43 Tree of Life
13:22 Ancient Protector
13:22 Ancient Protector
13:22 Ancient Protector
» items
| Staff of Teleportation | 1 | |
| Dust of Appearance | 2 | |
| Circlet of Nobility | 2 | |
| Scroll of Healing | 1 | |
| Scroll of Town Portal | 1 | |
7 total
team 2 (loser)

»
suckit57 (
pink | 55 APM | 1199 actions | 21:52)
4 Archmage
2 Blizzard
2 Brilliance Aura
2 Mountain King
1 Thunder Clap
1 Bash
» actions
| Assign group hotkey | 5 | |
| Basic commands | 79 | |
| Build / train | 124 | |
| Enter build submenu | 18 | |
| Enter hero's abilities submenu | 7 | |
| Remove unit from queue | 2 | |
| Right click | 557 | |
| Select / deselect | 259 | |
| Select group hotkey | 66 | |
| Use ability | 82 | |
1199 total
» units
| Peasant | 23 | |
| Footman | 22 | |
| Priest | 7 | |
| Knight | 4 | |
| Gryphon Rider | 37 | |
93 total
» upgrades
| Plating | 1 | |
| Swords | 1 | |
| Defend | 1 | |
| Priest Training | 2 | |
| Animal War Training | 1 | |
6 total
» buildings
| Altar of Kings | 1 | |
| Farm | 6 | |
| Barracks | 3 | |
| Arcane Vault | 1 | |
| Blacksmith | 1 | |
| Keep | 1 | |
| Lumber Mill | 1 | |
| Arcane Sanctum | 1 | |
| Castle | 2 | |
| Town Hall | 3 | |
20 total
» build order
00:51 Altar of Kings
00:56 Farm
01:26 Barracks
01:28 Barracks
01:32 Barracks
01:39 Farm
02:01 Farm
02:13 Arcane Vault
02:44 Blacksmith
04:26 Keep
05:03 Farm
05:39 Lumber Mill
08:39 Arcane Sanctum
09:36 Farm
09:37 Farm
11:36 Castle
11:36 Castle
13:01 Town Hall
15:14 Town Hall
19:49 Town Hall
» items
| Scroll of Regeneration | 4 | |
| Lesser Clarity Potion | 1 | |
| Potion of Healing | 1 | |
| Scroll of Town Portal | 1 | |
7 total
Otto-warmbier (
green | 62 APM | 1909 actions | 30:40)
2 Mountain King
1 Thunder Clap
1 Storm Bolt
» actions
| Assign group hotkey | 30 | |
| Basic commands | 313 | |
| Build / train | 96 | |
| ESC pressed | 103 | |
| Enter build submenu | 41 | |
| Enter hero's abilities submenu | 2 | |
| Give item / drop item | 1 | |
| Right click | 630 | |
| Select / deselect | 415 | |
| Select group hotkey | 153 | |
| Use ability | 125 | |
1909 total
» units
» upgrades
| Masonry | 3 | |
| Gunpowder | 3 | |
| Plating | 3 | |
9 total
» buildings
| Altar of Kings | 1 | |
| Farm | 8 | |
| Arcane Vault | 2 | |
| Town Hall | 2 | |
| Lumber Mill | 7 | |
| Keep | 2 | |
| Scout Tower | 10 | |
| Guard Tower | 15 | |
| Blacksmith | 1 | |
| Castle | 1 | |
| Workshop | 6 | |
55 total
» build order
00:09 Altar of Kings
00:16 Farm
00:43 Farm
00:52 Arcane Vault
01:00 Farm
03:02 Town Hall
03:04 Lumber Mill
04:14 Keep
04:25 Scout Tower
04:29 Scout Tower
04:40 Lumber Mill
04:49 Lumber Mill
04:59 Guard Tower
04:59 Guard Tower
05:01 Scout Tower
05:17 Blacksmith
05:42 Guard Tower
05:44 Scout Tower
06:17 Guard Tower
06:20 Farm
06:38 Castle
06:42 Farm
06:54 Workshop
06:56 Guard Tower
06:58 Workshop
07:00 Workshop
07:02 Guard Tower
07:08 Workshop
07:10 Guard Tower
07:21 Workshop
07:49 Workshop
08:58 Guard Tower
09:04 Guard Tower
09:21 Farm
09:24 Farm
09:29 Farm
11:12 Town Hall
11:16 Lumber Mill
11:18 Arcane Vault
12:18 Scout Tower
12:21 Scout Tower
12:42 Scout Tower
12:55 Guard Tower
12:57 Scout Tower
13:03 Scout Tower
13:04 Guard Tower
13:08 Guard Tower
13:11 Scout Tower
13:33 Guard Tower
13:37 Guard Tower
13:38 Guard Tower
13:53 Lumber Mill
13:59 Lumber Mill
14:05 Lumber Mill
» items
| Scroll of Regeneration | 1 | |
| Lesser Clarity Potion | 1 | |
| Ivory Tower | 6 | |
| Periapt of Vitality | 1 | |
| Circlet of Nobility | 1 | |
| Staff of Teleportation | 1 | |
| Scroll of Town Portal | 3 | |
| Scroll of Healing | 2 | |
| Potion of Healing | 2 | |
18 total
TSwiftNAZlQueen (
blue | 67 APM | 1375 actions | 20:33)
6 Archmage
3 Summon Water Elemental
2 Brilliance Aura
1 Mass Teleport
» actions
| Assign group hotkey | 76 | |
| Basic commands | 54 | |
| Build / train | 70 | |
| Enter build submenu | 41 | |
| Enter hero's abilities submenu | 6 | |
| Give item / drop item | 3 | |
| Remove unit from queue | 2 | |
| Right click | 598 | |
| Select / deselect | 298 | |
| Select group hotkey | 141 | |
| Use ability | 86 | |
1375 total
» units
| Peasant | 16 | |
| Footman | 7 | |
| Gryphon Rider | 7 | |
30 total
» upgrades
| Masonry | 3 | |
| Lumber Harvesting | 2 | |
| Storm Hammers | 1 | |
| Animal War Training | 1 | |
| Swords | 3 | |
| Armor | 3 | |
| Cloud | 1 | |
14 total
» buildings
| Altar of Kings | 1 | |
| Barracks | 1 | |
| Farm | 12 | |
| Keep | 1 | |
| Lumber Mill | 2 | |
| Town Hall | 2 | |
| Scout Tower | 21 | |
| Guard Tower | 8 | |
| Castle | 1 | |
| Arcane Vault | 1 | |
| Gryphon Aviary | 3 | |
| Blacksmith | 2 | |
55 total
» build order
00:49 Altar of Kings
00:50 Barracks
00:52 Farm
00:52 Farm
01:05 Farm
01:06 Farm
03:24 Keep
03:59 Lumber Mill
04:15 Town Hall
04:18 Scout Tower
04:18 Scout Tower
04:19 Scout Tower
04:19 Scout Tower
05:13 Scout Tower
05:16 Scout Tower
05:17 Scout Tower
05:18 Scout Tower
05:21 Scout Tower
05:22 Scout Tower
05:31 Guard Tower
06:54 Guard Tower
06:55 Castle
06:58 Arcane Vault
07:07 Guard Tower
07:43 Farm
08:19 Gryphon Aviary
08:47 Gryphon Aviary
08:53 Lumber Mill
09:24 Gryphon Aviary
10:25 Blacksmith
10:29 Blacksmith
14:19 Guard Tower
14:48 Farm
14:48 Farm
14:49 Farm
14:50 Farm
14:50 Farm
14:51 Farm
14:52 Farm
15:02 Scout Tower
15:03 Scout Tower
15:08 Scout Tower
15:08 Scout Tower
15:10 Scout Tower
15:10 Scout Tower
16:12 Town Hall
16:25 Guard Tower
17:06 Guard Tower
17:06 Guard Tower
17:08 Scout Tower
17:10 Scout Tower
17:12 Scout Tower
17:13 Scout Tower
17:15 Scout Tower
18:54 Guard Tower
» items
| Scroll of Regeneration | 2 | |
| Scroll of Town Portal | 1 | |
| Staff of Sanctuary | 1 | |
| Potion of Healing | 1 | |
| Staff of Teleportation | 1 | |
| Potion of Lesser Invulnerability | 1 | |
7 total
BUGMASTER (
purple | 64 APM | 1948 actions | 30:40)
3 Blademaster
2 Wind Walk
1 Critical Strike
» actions
| Assign group hotkey | 37 | |
| Basic commands | 357 | |
| Build / train | 65 | |
| Enter build submenu | 19 | |
| Enter hero's abilities submenu | 5 | |
| Remove unit from queue | 1 | |
| Right click | 688 | |
| Select / deselect | 266 | |
| Select group hotkey | 403 | |
| Use ability | 107 | |
1948 total
» units
| Peon | 12 | |
| Troll Batrider | 19 | |
| Wind Rider | 6 | |
| Raider | 3 | |
40 total
» upgrades
| Ranged Weapons | 1 | |
| Reinforced Defenses | 1 | |
| Liquid Fire | 1 | |
| Armor | 1 | |
| Ensnare | 1 | |
5 total
» buildings
| Altar of Storms | 1 | |
| Orc Burrow | 6 | |
| War Mill | 1 | |
| Voodoo Lounge | 1 | |
| Watch Tower | 6 | |
| Stronghold | 2 | |
| Fortress | 1 | |
| Beastiary | 3 | |
| Great Hall | 1 | |
22 total
» build order
00:06 Altar of Storms
00:16 Orc Burrow
00:40 War Mill
01:14 Voodoo Lounge
01:57 Watch Tower
02:17 Watch Tower
02:38 Watch Tower
03:27 Stronghold
03:27 Stronghold
03:54 Watch Tower
04:17 Watch Tower
04:36 Orc Burrow
04:37 Orc Burrow
04:41 Watch Tower
05:39 Orc Burrow
06:19 Fortress
06:29 Beastiary
07:00 Beastiary
12:26 Beastiary
12:29 Orc Burrow
14:31 Great Hall
17:20 Orc Burrow
» items
| Healing Salve | 2 | |
| Lesser Clarity Potion | 2 | |
| Boots of Speed | 1 | |
| Staff of Teleportation | 1 | |
| Orb of Lightning | 1 | |
| Tiny Great Hall | 1 | |
| Scroll of Town Portal | 1 | |
9 total
Chat log
(01:33 / All) TSwiftNAZlQueen: fave taylor swift song?
(03:04 / All) TSwiftNAZlQueen: my fucking am
(03:07 / All) TSwiftNAZlQueen: flipped around
(03:10 / All) TSwiftNAZlQueen: to cast water ele
(03:13 / All) TSwiftNAZlQueen: opposite of what I wanted
(04:58 / Allies) Believe: .
(05:01 / Allies) Believe: fuk
(05:01 / Allies) Believe: lol
(11:29 / All) suckit57: lol ur base
(12:18 / All) TSwiftNAZlQueen: RESPECT THE TANK
(12:20 / All) TSwiftNAZlQueen: OR GET SHANKED
(20:08 / Allies) watertheplanets: give me your resources and leave, noob
(20:51 / Allies) watertheplanets: wow ty
(20:55 / Allies) watertheplanets: didn't expect you to do it
(26:12 / All) watertheplanets: listen up
(26:15 / All) watertheplanets: me and purp were in this together
(26:20 / All) watertheplanets: we're gonna kill everything including our own units
(26:23 / All) watertheplanets: no way to finish each other
(26:30 / All) watertheplanets: you can leave your PC on all night for the win red vs green
(26:32 / All) watertheplanets: or not
(26:34 / All) watertheplanets: you lose, green